 Dungeon Crawl Stone Soup version 0.30.1-4-g462c640d31 (webtiles) character file.

Game seed: 4220420191009452340

2754 spardeous the Grasshopper (level 9, -4/62 HPs)
             Began as a Demigod Conjurer on Aug 15, 2023.
             Killed from afar by a gargoyle (16 damage)
             ... with a stone arrow
             ... on level 8 of the Dungeon.
             The game lasted 00:08:48 (6994 turns).

spardeous the Grasshopper (Demigod Conjurer)        Turns: 6994, Time: 00:08:49

Health: -4/62      AC: 10    Str: 14    XL:     9   Next: 18%
Magic:  3/30       EV: 11    Int: 32    God:
Gold:   499        SH:  0    Dex: 15    Spells: 13/20 levels left

rFire   + . .        m - +6 spear "Earthworm" {speed, rF+ rC+}
rCold   + . .        (no shield)
rNeg    . . .        o - +1 ring mail of Pijilia {Regen+ Dex+3}
rPois   .            (no helmet)
rElec   .            (no cloak)
rCorr   .            C - +2 pair of gloves
SInv    .            s - +0 pair of boots
Will    .....        a - amulet of magic regeneration
Stlth   +            d - +6 ring of strength
HPRegen 1.10/turn    D - ring of magical power
MPRegen 0.62/turn

%: no passive effects
@: brilliant
A: high MP 1, forlorn, divine attributes
a: no special abilities


You were on level 8 of the Dungeon.
You visited 1 branch of the dungeon, and saw 8 of its levels.

You collected 499 gold pieces.

Inventory:

Hand Weapons
 m - the +6 spear "Earthworm" (weapon) {speed, rF+ rC+}
   (You found it on level 2 of the Dungeon)

   rF:        It protects you from fire.
   rC:        It protects you from cold.
Missiles
 w - a throwing net
Armour
 o - the +1 ring mail of Pijilia (worn) {Regen+ Dex+3}
   (You found it on level 2 of the Dungeon)

   Dex:       It affects your dexterity (+3).
   Regen:     It increases your rate of health regeneration.
 s - a +0 pair of boots (worn)
 v - a +0 pair of gloves
 A - a +0 kite shield
 C - a +2 pair of gloves (worn)
Jewellery
 a - an amulet of magic regeneration (around neck)
 d - a +6 ring of strength (left hand)
 f - an amulet of guardian spirit
 p - an amulet of regeneration
 D - a ring of magical power (right hand)
Scrolls
 e - 3 scrolls of teleportation {unknown}
 g - a scroll of blinking {unknown}
 l - 3 scrolls of identify {unknown}
 n - 3 scrolls of fog {unknown}
 r - a scroll of fear {unknown}
 t - 4 scrolls of magic mapping {unknown}
 u - 3 scrolls of noise {unknown}
 y - a scroll of vulnerability {unknown}
 B - a scroll of poison {unknown}
Potions
 b - a potion of magic
 c - a potion of flight {unknown}
 h - 2 potions of berserk rage {unknown}
 i - 3 potions of attraction {unknown}
 j - 3 potions of brilliance
 k - 2 potions of mutation {unknown}
 q - 2 potions of ambrosia {unknown}
 x - a potion of curing {unknown}
 z - a potion of cancellation {unknown}


   Skills:
 - Level 1.7 Dodging
 - Level 1.7 Stealth
 - Level 6.0 Spellcasting
 - Level 7.3 Conjurations
 + Level 7.7 Translocations


You had 13 spell levels left.
You knew the following spells:

 Your Spells              Type           Power      Damage    Failure   Level
a - Magic Dart            Conj           100%       1d8       1%          1
b - Searing Ray           Conj           100%       2d8       1%          2
c - Iskenderun's Mystic   Conj/Tloc      72%        2d15      4%          4

Your spell library contained the following spells:

 Spells                   Type           Power      Damage    Failure   Level
 Dazzling Flash           Conj/Hex       98%        N/A       6%          3
 Fulminant Prism          Conj/Hex       24%        3d12      21%         4


Dungeon Overview and Level Annotations

Branches:
Dungeon (8/15)             Temple (0/1) D:5
   Lair: D:8-11

Shops:
D:2 [((?[   D:6 :   D:7 (

Annotations:
D:7 Maggie


Innate Abilities, Weirdness & Mutations

You have an increased reservoir of magic. (+10% MP)
You shall have no god before yourself.
Your divine heritage dramatically boosts your attributes as you level up.


Message History

You erupt in a blast of force!
The mystic blast hits the gargoyle but does no damage.
The gargoyle is severely damaged.
Your magical contamination has completely faded away.
You now have 1/30 mp.
The gargoyle attacks as you move away!
The gargoyle hits you with a +0 dire flail!
You take 7 damage, and have 31/62 hp.
The gargoyle hurls a stone arrow at you.
The stone arrow hits you!
* * * LOW HITPOINT WARNING * * *
You take 11 damage, and have 20/62 hp.
Casting: Iskenderun's Mystic Blast (dangerous; 4% risk of failure)
Confirm with . or Enter, or press ? or * to list all spells.
You don't have enough magic to cast this spell.
Unknown command.
It was a potion of brilliance.
You feel clever all of a sudden.
The gargoyle hurls a stone arrow at you.
The stone arrow misses you.
The gargoyle hurls a stone arrow at you.
The stone arrow hits you!
* * * LOW HITPOINT WARNING * * *
You take 11 damage, and have 10/62 hp.
Casting: Iskenderun's Mystic Blast (dangerous; 4% risk of failure)
Confirm with . or Enter, or press ? or * to list all spells.
Aiming: Searing Ray (safe; 1% risk of failure)
Press: ? - help, Shift-Dir - straight line, f - gargoyle
Aim: a gargoyle, wielding a +0 dire flail (severely damaged, 92% to hit)
You feel a surge of power!
The searing ray hits the gargoyle but does no damage.
The gargoyle is severely damaged. (Press . to maintain the ray.)
The gargoyle hurls a stone arrow at you.
The stone arrow misses you.
The searing ray hits the gargoyle.
The gargoyle is almost destroyed.
The gargoyle hurls a stone arrow at you.
The stone arrow hits you!
You die...

#.###.....# #.#
#.# ##...## #.#
#.# #.... #.# #.#
#.## #.# #.# #.#
#.# #.# #. #.# #.#
. #.# #.####.#..
#@######.........
#...9.....#####.##
#########.# .....
#.# ..... ###9#
..... #...## .....
#.##..##..... #.
#.#.#..... #.
#....$....


You could see a gargoyle.

Vanquished Creatures
  Grinder (D:6)
  Edmund (D:6)
  5 ice beasts
  A black bear (D:5)
  2 ogres
  3 centaurs
  2 phantoms
  A kobold brigand (D:7)
  3 gnoll sergeants
  2 scorpions
  A howler monkey (D:6)
  2 jellies
  5 orc priests
  3 hounds
  5 orc wizards
  2 sleepcaps
  5 iguanas
  8 adders
  10 gnolls
  A shadow imp (D:5)
  2 white imps (D:5)
  An ufetubus (D:7)
  2 worms (D:2)
  2 dart slugs
  15 orcs
  15 ball pythons
  8 endoplasms
  4 giant cockroaches
  8 goblins
  4 hobgoblins
  3 jackals (D:3)
  8 kobolds
  5 quokkas
  6 bats
  5 frilled lizards
  10 rats
  A spectral orc (D:4)
162 creatures vanquished.

Notes
Turn   | Place    | Note
-------+----------+-------------------------------------------
     0 | D:1      | spardeous the Demigod Conjurer began the quest for the Orb.
     0 | D:1      | Reached XP level 1. HP: 14/14 MP: 5/5
   398 | D:1      | Reached XP level 2. HP: 20/20 MP: 4/7
  1142 | D:1      | Learned a level 2 spell: Searing Ray
  1153 | D:2      | Found Xydim's Magic Scroll Boutique.
  1313 | D:2      | Reached XP level 3. HP: 23/26 MP: 5/9
  1419 | D:2      | Identified the +6 spear "Earthworm" {speed, rF+ rC+}
  1549 | D:2      | Found Inlisypt's Antique Armour Emporium.
  1590 | D:2      | Identified the +1 ring mail of Pijilia {Regen+ Dex+3}
  1800 | D:2      | Found Edaseffi's Antique Weapon Boutique.
  1816 | D:2      | Found Dusoxul's Antique Armour Boutique.
  1879 | D:2      | Found Roumuut's Weapon Boutique.
  2401 | D:3      | Reached XP level 4. HP: 33/33 MP: 7/11
  2990 | D:3      | Reached XP level 5. HP: 38/38 MP: 3/13
  3179 | D:3      | Reached skill level 5 in Conjurations
  3533 | D:4      | Learned a level 4 spell: Iskenderun's Mystic Blast
  3795 | D:4      | Noticed an ogre
  3801 | D:4      | Killed an ogre
  3851 | D:4      | Reached XP level 6. HP: 31/45 MP: 5/15
  4544 | D:5      | Entered Level 5 of the Dungeon
  4586 | D:5      | Reached XP level 7. HP: 43/50 MP: 11/17
  4588 | D:5      | Reached skill level 5 in Spellcasting
  4919 | D:5      | Found a staircase to the Ecumenical Temple.
  5050 | D:5      | Reached XP level 8. HP: 48/57 MP: 17/20
  5112 | D:5      | Reached skill level 1 in Translocations
  5512 | D:6      | Noticed Edmund
  5546 | D:6      | Noticed Grinder
  5556 | D:6      | Killed Grinder
  5661 | D:6      | Reached skill level 5 in Translocations
  5796 | D:6      | Killed Edmund
  5899 | D:6      | Found Judogaf's Book Shoppe.
  6334 | D:7      | Reached XP level 9. HP: 52/62 MP: 17/21
  6714 | D:7      | Found Cigheadgh's Firing Range.
  6818 | D:7      | Noticed Maggie
  6961 | D:8      | Noticed a gargoyle
  6994 | D:8      | Killed from afar by a gargoyle

Illustrated notes

Levels and vault maps discovered:
D:1:      erik_arrival_cave_to_civilisation [erik_arrival_cave_to_hall],
          layout_basic
D:2:      layout_loops_ring, serial_shops, shop,
          nicolae_shop_pleasant_corner_grove, shop, shop, nicolae_shop_crystal,
          minmay_tall_x
D:3:      layout_basic, nicolae_gozag_seed_capital,
          chequers_temple_overflow_statue_of_worship,
          ebering_ecumenical_altar_box, minmay_shallow_snake_nest
D:4:      layout_loops_ring, yredelemnul_forgotten_temple_becter
D:5:      layout_basic, mainiacjoe_overflow_alcove_4, fedhas_altar_2,
          minmay_temple_entry_hall, minmay_ruined_shrine
D:6:      layout_rooms, serial_shops, nicolae_shop_window_shopping,
          bh_walls_and_bars, uniq_grinder, uniq_edmund
D:7:      kennysheep_big_flooded_room, layout_basic,
          pdpol_wu_jian_five_deadly_venoms, nicolae_shop_firing_range,
          uniq_maggie
D:8:      layout_loops_ring, kennysheep_mini_moat

Skill      XL: |  1  2  3  4  5  6  7  8  9 |
---------------+----------------------------+-----
Spellcasting   | 2 3 4 6 |  6.0
Conjurations   | 4 5 6 7 |  7.3
Translocations | 6 7 |  7.7
Dodging        | |  1.7
Stealth        | |  1.7

Action                     |  1- 3 |  4- 6 |  7- 9 || total
---------------------------+-------+-------+-------++-------
  Melee: Spear             |     8 |    10 |     5 ||    23
   Cast: Magic Dart        |   103 |    74 |    46 ||   223
         Searing Ray       |     1 |    13 |    49 ||    63
         Iskenderun's Myst |       |       |    13 ||    13
    Use: Potion            |       |       |     1 ||     1
 Armour: Robe              |     1 |       |       ||     1
         Ring mail         |     6 |    14 |    38 ||    58
  Dodge: Dodged            |     9 |    23 |    67 ||    99
